 Dungeon Crawl Stone Soup version 0.18-a0-1078-gebb93d0 (webtiles) character file.

10093 4thArraOfDagon the Severer (level 11, -20/151 HPs)
             Began as a Hill Orc Berserker on Jan 14, 2016.
             Was a High Priest of Trog.
             Demolished by an orc warrior
             ... wielding a +0 glaive
              (24 damage)
             ... on level 2 of the Orcish Mines.
             The game lasted 00:22:57 (3176 turns).

4thArraOfDagon the Severer (Hill Orc Berserker)     Turns: 3176, Time: 00:22:57

Health: -20/151    AC:  7    Str: 26    XL:     11   Next: 56%
Magic:  11/11      EV: 11    Int: 10    God:    Trog [*****.]
Gold:   891        SH:  0    Dex: 10    Spells: 0 memorised, 10 levels left

rFire  . . .     SeeInvis +     m - +2 broad axe (venom)
rCold  . . .     Gourm    .     N - +0 troll leather armour
rNeg   . . .     Faith    .     (no shield)
rPois  .         Spirit   .     o - +0 helmet
rElec  .         Dismiss  .     p - +0 cloak
rCorr  .         Reflect  .     i - +0 pair of gloves
SustAt .         Harm     .     (no boots)
MR     +++..     Clarity  +     E - amulet of regeneration
Stlth  ..........               (no ring)
                                F - ring of see invisible

@: berserking, regenerating, very quick, extremely resistant to hostile
enchantments, extremely unstealthy
A: clarity, deformed body, magic resistance 1
a: Berserk, Trog's Hand, Brothers in Arms, Burn Spellbooks, Renounce Religion


You were on level 2 of the Orcish Mines.
You worshipped Trog.
Trog was extremely pleased with you.
You were not hungry.

You visited 2 branches of the dungeon, and saw 14 of its levels.
You also visited: Ossuary.

You collected 891 gold pieces.

Inventory:

Hand Weapons
 k - a +0 hand axe of holy wrath
 m - a +2 broad axe of venom (weapon)
Missiles
 M - 6 curare-tipped needles
Armour
 i - a +0 pair of gloves (worn)
 o - a +0 helmet (worn)
 p - a +0 cloak (worn)
 N - a +0 troll leather armour (worn)
Magical Staves
 G - an uncursed staff of earth {unknown}
Jewellery
 y - an uncursed ring of ice
 E - an amulet of regeneration (around neck)
 F - a ring of see invisible (left hand)
Wands
 K - a wand of cold (8/15)
 L - a wand of cold (5/15)
Scrolls
 d - 2 scrolls of immolation
 e - a scroll of blinking
 j - a scroll of recharging
 r - 2 scrolls of amnesia
 w - 3 scrolls of remove curse
 H - a scroll of noise
 I - a scroll of teleportation {unknown}
 J - a scroll of random uselessness {unknown}
Potions
 f - 3 potions of lignification {unknown}
 g - a potion of cure mutation
 q - 3 potions of curing
 s - a potion of resistance
 u - 3 potions of heal wounds
 z - a potion of haste
 C - 2 potions of cancellation
Books
 A - a book of Summonings

   Spells                             Type                      Level
   a - Recall                         Summoning/Translocation      3
   b - Aura of Abjuration             Summoning                    5
   c - Summon Demon                   Summoning                    5
   d - Summon Forest                  Summoning/Translocation      5
   e - Summon Mana Viper              Hexes/Summoning              5
   f - Shadow Creatures               Summoning                    6
   Trog disapproves of the use of such an item.
 D - a book of Enchantments

   Spells                             Type                      Level
   a - Cause Fear                     Hexes                        4
   b - Yara's Violent Unravelling     Hexes/Transmutation          5
   c - Silence                        Hexes/Air                    5
   d - Deflect Missiles               Charms/Air                   6
   e - Haste                          Charms                       6
   f - Discord                        Hexes                        8
   Trog disapproves of the use of such an item.
Comestibles
 a - 4 beef jerkies
 b - 4 meat rations
 c - 4 bread rations
 h - a chunk of flesh
 n - a slice of pizza
 t - 3 fruits
 x - 2 royal jellies


   Skills:
 + Level 10.9 Fighting
 * Level 17.4 Axes
 + Level 7.6 Armour
 - Level 1.5 Dodging


You had 10 spell levels left.
You didn't know any spells.

Dungeon Overview and Level Annotations

Branches:
Dungeon (12/15)            Temple (0/1) D:4            Lair (0/8) D:8
    Orc (2/2) D:12            Elf (0/3) Orc:2

Altars:
Pakellas
Sif Muna
Beogh

Portals:
Trove: D:11 (give 2 potions of cure mutation)


Innate Abilities, Weirdness & Mutations

You possess an exceptional clarity of mind.
Armour fits poorly on your strangely shaped body.
You are resistant to hostile enchantments.


Message History

The centaur hits you.
* * * LOW HITPOINT WARNING * * *
The centaur hits you but does no damage.
Unknown command.
Unknown command.
Unknown command.
You barely miss the centaur.
The centaur is moderately wounded.
You hit the centaur.
The centaur is poisoned.
The centaur is moderately wounded.
The centaur shoots an arrow of flame.
The arrow of flame hits you!
* * * LOW HITPOINT WARNING * * *
The arrow of flame burns you.
* * * LOW HITPOINT WARNING * * *
The orc hits you from afar with a trident.
* * * LOW HITPOINT WARNING * * *
The centaur hits you!
* * * LOW HITPOINT WARNING * * *
The orc warrior hits you from afar with a glaive!!
You die... ... ...............# .. ...............# o.#..............# .#.........._..## .ccc

................# .c..
#o.............# ....
##oo...........##
.##..##cc(............#
......).@.............#
........(.............#
......$c(.............#
......................#
.........(............
......................
......................
......................
.....................


You could see an orc warrior, 3 centaurs and 2 orcs.

Vanquished Creatures
  2 ugly things
  An orc knight (Orc:1)
  2 orc sorcerers (Orc:1)
  An elephant (D:8)
  2 trolls (Orc:1)
  A wyvern (D:9)
  11 yaks
  A vampire (D:11)
  The ghost of dvd the Sneak, an amateur SpEn of Makhleb (D:5)
  A hungry ghost (D:11)
  3 wargs (Orc:1)
  A black bear (D:9)
  12 orc warriors
  2 sky beasts
  A wasp (D:12)
  An ice beast (D:11)
  A phantom (D:11)
  6 ogres
  7 centaurs
  A crocodile (D:8)
  2 big kobolds
  2 giant frogs (D:6)
  A scorpion (D:8)
  3 wights (D:9)
  4 crimson imps
  A giant frog zombie (D:6)
  A jelly (D:12)
  2 centaur skeletons
  6 orc priests
  6 hounds
  11 orc wizards
  2 giant frog skeletons
  A gnoll shaman (D:7)
  5 iguanas
  4 worker ants
  A sheep (D:8)
  A hound zombie (D:5)
  9 gnolls
  4 adders
  5 shadow imps
  An ooze (D:6)
  An adder zombie (D:7)
  A worm (D:5)
  A giant gecko (D:4)
  51 orcs
  A giant cockroach (D:8)
  5 goblins
  4 hobgoblins
  3 jackals (D:4)
  5 quokkas
  A ball python (D:4)
  2 giant newts (D:4)
  12 kobolds
  2 quokka skeletons
  A rat (D:1)
220 creatures vanquished.

Notes
Turn   | Place    | Note
--------------------------------------------------------------
     0 | D:1      | 4thArraOfDagon the Hill Orc Berserker began the quest for the Orb.
     0 | D:1      | Reached XP level 1. HP: 19/19 MP: 1/1
   187 | D:3      | Reached XP level 2. HP: 27/27 MP: 2/2
   311 | D:4      | Reached skill level 5 in Axes
   311 | D:4      | Reached XP level 3. HP: 24/33 MP: 3/3
   313 | D:4      | Reached XP level 4. HP: 26/41 MP: 4/4
   409 | D:4      | Noticed an ogre
   413 | D:4      | Reached ** piety under Trog
   413 | D:4      | Reached skill level 6 in Axes
   417 | D:4      | Killed an ogre
   417 | D:4      | Reached skill level 5 in Fighting
   417 | D:4      | Reached XP level 5. HP: 40/48 MP: 5/5
   417 | D:4      | Reached skill level 7 in Axes
   485 | D:4      | Reached XP level 6. HP: 46/56 MP: 6/6
   519 | D:5      | Entered Level 5 of the Dungeon
   531 | D:4      | Found a staircase to the Ecumenical Temple.
   608 | D:4      | Reached skill level 8 in Axes
   690 | D:5      | Reached XP level 7. HP: 39/62 MP: 7/7
   862 | D:5      | Noticed dvd's ghost (amateur SpEn)
   871 | D:5      | Killed dvd's ghost
   871 | D:5      | Reached skill level 9 in Axes
   949 | D:6      | Reached XP level 8. HP: 41/71 MP: 8/8
  1013 | D:6      | Reached skill level 10 in Axes
  1113 | D:5      | Found a deep blue altar of Sif Muna.
  1113 | D:5      | Found an oddly glowing altar of Pakellas.
  1125 | D:6      | Reached *** piety under Trog
  1158 | D:6      | Reached skill level 11 in Axes
  1295 | D:7      | Gained mutation: You are resistant to hostile enchantments. [potion of mutation]
  1295 | D:7      | Gained mutation: Armour fits poorly on your strangely shaped body. [potion of mutation]
  1295 | D:7      | Gained mutation: You possess an exceptional clarity of mind. [potion of mutation]
  1397 | D:7      | Reached XP level 9. HP: 81/81 MP: 9/9
  1398 | D:7      | Reached skill level 12 in Axes
  1399 | D:7      | Found a sand-covered staircase.
  1457 | Ossuary  | Entered an ossuary
  1519 | D:8      | Found a staircase to the Lair.
  1519 | D:8      | Noticed an elephant
  1529 | D:8      | Killed an elephant
  1529 | D:8      | Reached skill level 13 in Axes
  1677 | D:8      | Reached **** piety under Trog
  1701 | D:8      | Reached skill level 5 in Armour
  1960 | D:9      | Reached skill level 14 in Axes
  1988 | D:10     | Entered Level 10 of the Dungeon
  2000 | D:10     | Noticed a white ugly thing
  2002 | D:10     | Turgon: oh
  2018 | D:10     | Turgon: regen without spending piety
  2018 | D:10     | Killed a white ugly thing
  2018 | D:10     | Reached XP level 10. HP: 91/91 MP: 10/10
  2184 | D:10     | 4thArraOfDagon: yea
  2254 | D:11     | Found a portal to a secret trove of treasure.
  2267 | D:11     | 4thArraOfDagon: 2curemut!
  2267 | D:11     | 4thArraOfDagon: thats doable
  2392 | D:12     | Noticed a red ugly thing
  2398 | D:12     | Reached skill level 15 in Axes
  2405 | D:12     | Killed a red ugly thing
  2406 | D:12     | BLOAX: https://www.youtube.com/watch?v=LS_1EvbK68U
  2406 | D:12     | Reached skill level 10 in Fighting
  2424 | D:12     | BLOAX: might like this
  2450 | D:12     | Paralysed by a wasp for 3 turns
  2479 | D:12     | Received a gift from Trog
  2483 | D:12     | BLOAX: I can only say that it sounds a ridiculous lot like a game soundtrack.
  2484 | D:12     | Reached skill level 16 in Axes
  2485 | D:12     | Reached XP level 11. HP: 76/100 MP: 11/11
  2497 | D:12     | 4thArraOfDagon: hmmm
  2497 | D:12     | 4thArraOfDagon: we will see
  2497 | D:12     | 4thArraOfDagon: whatsoever you probably wouldn;t beleive that i already listedn to Ashen Eidolon at least ten times already
  2511 | D:12     | 4thArraOfDagon: its like rediscovering the bm gender
  2511 | D:12     | 4thArraOfDagon: feels amazing :D
  2525 | D:12     | BLOAX: haha
  2579 | D:12     | BLOAX: also apparently this is their 2013 album wtf
  2588 | D:12     | Found a roughly hewn altar of Beogh.
  2592 | D:12     | Found a staircase to the Orcish Mines.
  2601 | D:12     | Reached ***** piety under Trog
  2610 | Orc:1    | Entered Level 1 of the Orcish Mines
  2687 | Orc:1    | 4thArraOfDagon: yea i've noticed
  2687 | Orc:1    | 4thArraOfDagon: strange
  2689 | Orc:1    | Noticed an orc knight
  2702 | Orc:1    | Killed an orc knight
  2759 | Orc:1    | 4thArraOfDagon: second track on that summoning's record starts interesting
  2769 | Orc:1    | Noticed an orc sorcerer
  2779 | Orc:1    | Killed an orc sorcerer
  2819 | Orc:2    | Entered Level 2 of the Orcish Mines
  2847 | Orc:2    | 4thArraOfDagon: no, its still first
  2847 | Orc:2    | 4thArraOfDagon: but just hit the groove
  2847 | Orc:2    | 4thArraOfDagon: at mid 3:30
  2882 | Orc:1    | Reached skill level 17 in Axes
  2922 | Orc:1    | Noticed an orc sorcerer
  2931 | Orc:1    | Turgon: Oh, Bloax are twins
  2936 | Orc:1    | Killed an orc sorcerer
  2958 | Orc:1    | BLOAX: My connection has been crapping out all the time all day now.
  2972 | Orc:1    | Turgon: I see
  2995 | Orc:1    | Turgon: And that's why you log in twice
  3013 | Orc:2    | 4thArraOfDagon: my connection generates lag spikes for me
  3021 | Orc:2    | 4thArraOfDagon: i have to stop every few steps
  3051 | Orc:2    | Turgon: That's stupid
  3128 | Orc:2    | Found a staircase to the Elven Halls.
  3135 | Orc:2    | Found a roughly hewn altar of Beogh.
  3160 | Orc:2    | BLOAX: Doesn't sound as bad as fullblown minute-long disconnects every oh-and-so minutes.
  3167 | Orc:2    | BLOAX: still pretty shit though
  3176 | Orc:2    | HP: 4/151 [centaur (7)]
  3176 | Orc:2    | Demolished by an orc warrior

Vault maps used:
D:1:      lightli_iron_boxes, due_unseen_surprise
D:3:      lemuel_crystal_altar, lemuel_coloured_pillars_altar
D:4:      corexii_shack_village, temple_statues
D:5:      kennysheep_mini_moat, gammafunk_temple_overflow_wave, first_bread,
          kennysheep_generic_room_7
D:6:      lemuel_crystal_altar, grunt_gozag_breadcrumbs, minmay_bad_closet,
          grunt_decor_mini_mirrors
D:7:      marbit_many_paths, enter_ossuary_1
D:8:      david_lair_generic, hangedman_little_slice_of_home, sword_in_stone
D:9:      basic_altar, kennysheep_dice
D:11:     minmay_goldmine, nicolae_trove_entry_crossroad, st_stairs_14,
          hive_lemuel
D:12:     david_orc_5
Orc:1:    nicolae_orc_flooded_monolith
Orc:2:    st_orc_rangers, basic_altar
Ossuary:  ossuary_tomb_1

Action                   |  1- 3 |  4- 6 |  7- 9 | 10-12 || total
-------------------------+-------+-------+-------+-------++-------
Melee: Hand axe          |    26 |     8 |       |       ||    34
       Broad axe         |       |    21 |   216 |   213 ||   450
Invok: Berserk           |     2 |     3 |     9 |     6 ||    20
       Trog's Hand       |       |     1 |     4 |     2 ||     7
       Brothers in Arms  |       |       |       |     1 ||     1
  Use: Scroll            |       |       |    11 |     6 ||    17
       Potion            |       |       |     1 |       ||     1
  Eat: Chunk             |       |     5 |    13 |    12 ||    30
